 Dungeon Crawl Stone Soup version 0.30.1-4-g462c640d31 (webtiles) character file.

Game seed: 4068356300501779300

489 HagarQim the Sneak (level 7, -6/49 HPs)
             Began as an Octopode Fire Elementalist on Sept 6, 2023.
             Was a Priest of Dithmenos.
             Mangled by an ogre
             ... wielding a +0 giant spiked club
              (26 damage)
             ... on level 5 of the Dungeon.
             The game lasted 00:15:45 (4637 turns).

HagarQim the Sneak (Octopode Fire Elementalist)     Turns: 4637, Time: 00:15:45

Health: -6/49      AC:  1    Str:  7    XL:     7   Next: 14%
Magic:  11/11      EV: 13    Int: 18    God:    Dithmenos [***...]
Gold:   255        SH:  0    Dex: 14    Spells: 9/12 levels left

rFire   . . .        g - +2 dagger (venom)
rCold   . . .        (no shield)
rNeg    . . .        (helmet restricted)
rPois   .            (no amulet)
rElec   .            e - ring of willpower
rCorr   .            (no ring)
SInv    .            (no ring)
Will    +....        (no ring)
Stlth   +++++        (no ring)
HPRegen 0.28/turn    (no ring)
MPRegen 0.12/turn    (no ring)
                     (no ring)

%: no passive effects
@: wreathed by umbra
A: almost no armour, amphibious, 8 rings, camouflage 1, gelatinous body 1,
(nimble swimmer 1), tentacles, mutation resistance 1, robust 1
a: Renounce Religion, Shadow Step


You were on level 5 of the Dungeon.
You worshipped Dithmenos.
Dithmenos was most pleased with you.
You visited 1 branch of the dungeon, and saw 5 of its levels.
You also visited: Ossuary.

You collected 255 gold pieces.

Inventory:

Hand Weapons
 g - a +2 dagger of venom (weapon)
 i - a +0 short sword of venom
Missiles
 b - 3 poisoned darts
 c - 2 curare-tipped darts
 f - 3 atropa-tipped darts
Jewellery
 e - a ring of willpower (left tentacle)
Wands
 o - a wand of paralysis (15)
Scrolls
 d - a scroll of fog
 h - a scroll of summoning
 j - a scroll of enchant weapon
 k - a scroll of blinking
Potions
 a - a potion of magic
 l - a potion of flight
 m - a potion of haste
 n - a potion of curing {unknown}
 p - a potion of heal wounds {unknown}


   Skills:
 * Level 2.2 Fighting
 + Level 2.1 Short Blades
 + Level 2.6 Dodging
 + Level 5.2 Stealth
 + Level 3.0 Spellcasting
 * Level 3.0 Conjurations
 + Level 4.3 Fire Magic


You had 9 spell levels left.
You knew the following spells:

 Your Spells              Type           Power      Damage    Failure   Level
a - Foxfire               Conj/Fire      64%        2x1d7     3%          1
b - Scorch                Fire           36%        2d6       4%          2

Your spell library contained the following spells:

 Spells                   Type           Power      Damage    Failure   Level
 Inner Flame              Hex/Fire       10%        N/A       21%         3
 Volatile Blastmotes      Fire/Tloc      20%        2d11      21%         3
 Ensorcelled Hibernation  Hex/Ice        4%         N/A       24%         2
 Flame Wave               Conj/Fire      16%        2d7       34%         4
 Spider Form              Tmut/Pois      2%         N/A       43%         3
 Anguish                  Hex/Necr       1%         N/A       85%         4


Dungeon Overview and Level Annotations

Branches:
Dungeon (5/15)            Ossuary (visited)
 Temple: D:4-7

Altars:
Dithmenos

Shops:
D:4 =

Annotations:
D:2 Robin
D:3 Sigmund


Innate Abilities, Weirdness & Mutations

You cannot wear most types of armour.
You are amphibious.
You can wear up to eight rings at the same time.
Your skin changes colour to match your surroundings (Stealth+).
Your rubbery body absorbs attacks. (AC +1, EV +1)
((You are camouflaged when in or above water. (Stealth+)))
You have tentacles for arms and can constrict up to eight enemies at once.
You are somewhat resistant to further mutation.
You are robust. (+10% HP)


Message History

Unknown command.
Found a whip.
Found a stone staircase leading up.
Found 6 stones.
There is a stone staircase leading up here.
j - a scroll of enchant weapon
o - a wand of paralysis (12)
You see here a +0 whip.
You now have 255 gold pieces (gained 11).
o - a wand of paralysis (15) (gained 3 charges)
Found a stone staircase leading down.
There is a stone staircase leading down here.
Casting: Scorch (safe; 4% risk of failure)
Confirm with . or Enter, or press ? or * to list all spells.
You can't see any susceptible monsters within range! (Use Z to cast anyway.) Unknown command.
The helpless scorpion fails to defend itself.
You impale the scorpion!!
You kill the scorpion!
Dithmenos accepts your kill.
Your Conjurations skill increases to level 3!
You have reached level 7!
You see here a scorpion corpse.
Done exploring.
There is an escape hatch in the floor here.
There is a stone staircase leading down here.
You climb downwards.
Found 4 stones, a scroll of enchant armour and a sling.
Found an escape hatch in the ceiling.
There is a stone staircase leading up here.
The hound barks!
The ogre shouts!
You hear a shout!
The ogre hits you with a +0 giant spiked club!!
Ouch! That really hurt!
You emit a cloud of dark smoke.
You hit the ogre.
The ogre is poisoned.
The ogre is moderately wounded.
There is a stone staircase leading up here.
The ogre hits you with a +0 giant spiked club!!
Ouch! That really hurt!
You die...

......#.####
..#........#.##
..............##
..)............#
.........h......
......<.........
.....§§§§§......
.....§§h§§.(.##
.....§§@O§....#
......§§§§......
..?...§§§§...##.
...............
.##......##.....
##...... ..#..
....... .##..
.........


You could see an ogre (very poisoned) and a hound.

Vanquished Creatures
  2 phantoms (D:4)
  2 scorpions (D:4)
  A sleepcap (D:4)
  An iguana (D:4)
  A mummy (Ossuary)
  3 adders
  A gnoll (D:2)
  2 dart slugs
  2 worms (D:2)
  An orc (D:4)
  3 spectral bats (Ossuary)
  4 ball pythons
  6 endoplasms
  2 giant cockroaches
  13 goblins
  5 hobgoblins
  4 quokkas
  4 bats
  3 bat simulacra (Ossuary)
  3 frilled lizards
  12 gnoll zombies (Ossuary)
  3 goblin simulacra (Ossuary)
  8 goblin zombies (Ossuary)
  6 hobgoblin zombies (Ossuary)
  11 kobolds
  4 kobold simulacra (Ossuary)
  3 kobold zombies (Ossuary)
  An orc zombie (Ossuary)
  6 rats
  2 rat simulacra (Ossuary)
  4 spectral goblins (Ossuary)
  2 spectral kobolds (Ossuary)
  2 spectral rats (Ossuary)
127 creatures vanquished.

Vanquished Creatures (others)
  74 foxfires
74 creatures vanquished.

Grand Total: 201 creatures vanquished

Notes
Turn   | Place    | Note
-------+----------+-------------------------------------------
     0 | D:1      | HagarQim the Octopode Fire Elementalist began the quest for
                  | the Orb.
     0 | D:1      | Reached XP level 1. HP: 11/11 MP: 3/3
   172 | D:1      | Reached XP level 2. HP: 17/17 MP: 0/5
   224 | D:1      | Learned a level 2 spell: Scorch
   608 | D:1      | Found a faded altar of an unknown god.
   617 | D:1      | Prayed at the altar of an unknown god.
   617 | D:1      | Became a worshipper of Dithmenos the Shadowed
   617 | D:1      | Reached * piety under Dithmenos
   807 | D:1      | Reached skill level 3 in Stealth
   949 | D:2      | Reached XP level 3. HP: 21/21 MP: 6/6
  1859 | D:2      | Noticed Robin
  1868 | D:2      | Gained mutation: You are robust. (+10% HP) [potion of
                  | mutation]
  1868 | D:2      | Gained mutation: You are somewhat resistant to further
                  | mutation. [potion of mutation]
  1951 | D:2      | Reached XP level 4. HP: 26/29 MP: 0/7
  2232 | D:2      | Reached ** piety under Dithmenos
  2683 | D:3      | Reached skill level 4 in Stealth
  2699 | D:3      | Noticed Sigmund
  2761 | D:4      | Noticed a scorpion
  2770 | D:4      | Killed a scorpion
  2771 | D:4      | Reached skill level 1 in Fighting
  2771 | D:4      | Reached skill level 1 in Short Blades
  2771 | D:4      | Reached XP level 5. HP: 36/36 MP: 1/8
  3076 | D:4      | Noticed a phantom
  3097 | D:4      | Noticed a phantom
  3180 | D:4      | Killed a phantom
  3181 | D:4      | Reached XP level 6. HP: 32/41 MP: 8/10
  3186 | D:4      | Found a sand-covered staircase.
  3194 | Ossuary  | Entered an ossuary
  3513 | Ossuary  | Reached *** piety under Dithmenos
  3700 | Ossuary  | Reached skill level 5 in Stealth
  4188 | D:4      | Found Patreish's One-of-a-Kind Rings.
  4557 | D:4      | Reached XP level 7. HP: 49/49 MP: 11/11
  4633 | D:5      | Entered Level 5 of the Dungeon
  4637 | D:5      | Mangled by an ogre

Illustrated notes

Levels and vault maps discovered:
D:1:      lightli_arrival_maybe_door_vault, layout_basic,
          chequers_ecumenical_altar_simple
D:2:      minmay_wonky_spiral, layout_loops_corners, minmay_tromino_v2,
          uniq_robin
D:3:      layout_basic, minmay_overflow_temple_hex, uniq_sigmund,
          uniq_crazy_yiuf_cottage
D:4:      layout_loops_ring, nicolae_ossuary_entry_monument,
          nicolae_shop_unique_rings
D:5:      layout_cave_pools, nicolae_figureground_pulse, uniq_eustachio

Skill      XL: |  1  2  3  4  5  6 |
---------------+-------------------+-----
Stealth        | 3 4 5 |  5.2
Fighting       | 1 2 |  2.2
Short Blades   | 1 2 |  2.1
Conjurations   | 2 3 |  3.0
Fire Magic     | 4 |  4.3
Spellcasting   | 3 |  3.0
Dodging        | |  2.6

Action                     |  1- 3 |  4- 6 |  7- 9 || total
---------------------------+-------+-------+-------++-------
  Melee: Unarmed           |     2 |       |       ||     2
         Dagger            |    40 |   135 |     1 ||   176
         Constrict         |    10 |    26 |       ||    36
         Tentacles         |     5 |    37 |       ||    42
         Punch             |     1 |     3 |       ||     4
   Cast: Foxfire           |    20 |    25 |       ||    45
         Scorch            |     8 |    18 |       ||    26
    Use: Potion            |     4 |       |       ||     4
         Scroll            |     2 |     9 |       ||    11
   Stab: Sleeping          |     9 |    14 |       ||    23
         Distracted        |       |     1 |       ||     1
 Armour: Skin              |     5 |     6 |       ||    11
  Dodge: Dodged            |    42 |    70 |       ||   112
